 Dungeon Crawl Stone Soup version 0.30.1-4-g462c640d31 (webtiles) character file.

Game seed: 5623282549710870136

1724 spardeous the Protected (level 8, -19/74 HPs)
             Began as a Minotaur Berserker on Aug 21, 2023.
             Was an Elder of Trog.
             Demolished by a boulder beetle (39 damage)
             ... on level 7 of the Dungeon.
             The game lasted 00:10:05 (5772 turns).

spardeous the Protected (Minotaur Berserker)        Turns: 5772, Time: 00:10:05

Health: -19/74     AC: 17    Str: 23    XL:     8   Next: 75%
Magic:  7/7        EV:  5    Int:  3    God:    Trog [****..]
Gold:   596        SH:  0    Dex: 14    Spells: 7/7 levels left

rFire   . . .        k - +0 war axe
rCold   . . .        (no shield)
rNeg    . . .        B - +0 crystal plate armour
rPois   .            (helmet restricted)
rElec   .            G - +1 cloak
rCorr   .            (no gloves)
SInv    .            p - +0 pair of boots
Will    ++...        (no amulet) Stlth
                     (no ring)
HPRegen 1.32/turn    (no ring)
MPRegen 0.10/turn

%: no passive effects
@: strong-willed, corroded, on berserk cooldown, regenerating, slowed, very slow
A: horns 2, retaliatory headbutt, iridescent scales 1, agile 1, subdued magic 1
a: Renounce Religion, Berserk, Trog's Hand, Brothers in Arms


You were on level 7 of the Dungeon.
You worshipped Trog.
Trog was greatly pleased with you.
You visited 1 branch of the dungeon, and saw 7 of its levels.
You also visited: Sewer and Ossuary.

You collected 596 gold pieces.

Inventory:

Hand Weapons
 a - a +0 hand axe
 k - a +0 war axe (weapon)
Missiles
 l - 2 throwing nets (quivered)
Armour
 b - a +0 animal skin
 i - a +0 chain mail
 p - a +0 pair of boots (worn)
 z - a +0 plate armour
 B - a +0 crystal plate armour (worn)
 G - a +1 cloak (worn)
Wands
 q - a wand of flame (6)
 s - a wand of digging (1)
Scrolls
 d - 2 scrolls of noise {unknown}
 e - 3 scrolls of poison {unknown}
 f - 4 scrolls of identify {unknown}
 j - 6 scrolls of teleportation {unknown}
 m - a scroll of immolation {unknown}
 n - a scroll of amnesia {unknown}
 u - a scroll of enchant weapon {unknown}
 v - a scroll of vulnerability {unknown}
 y - a scroll of magic mapping {unknown}
 A - a scroll of brand weapon {unknown}
 F - a scroll of blinking {unknown}
Potions
 c - 2 potions of heal wounds {unknown}
 h - a potion of mutation
 o - a potion of might {unknown}
 r - a potion of degeneration {unknown}
 t - 3 potions of haste {unknown}
 w - 3 potions of attraction {unknown}
 x - a potion of ambrosia {unknown}
 C - a potion of berserk rage {unknown}
 D - a potion of experience {unknown}
 E - a potion of brilliance {unknown}


   Skills:
 - Level 8.1 Fighting
 - Level 8.2 Axes
 + Level 9.0 Armour
 - Level 2.1 Dodging


You had 7 spell levels left.
You didn't know any spells.
Your spell library contained the following spells:

 Spells                   Type           Power      Damage    Failure   Level
 Sublimation of Blood     Necr           0%         N/A       100%        2
 Petrify                  Tmut/Erth      0%         N/A       100%        4
 Irradiate                Conj/Tmut      0%         3d11      100%        5


Dungeon Overview and Level Annotations

Branches:
Dungeon (7/15)             Temple (0/1) D:5           Sewer (visited)
Ossuary (visited)

Altars:
Dithmenos
Hepliaklqana
Trog
Uskayaw
Zin

Shops:
D:7 ?

Annotations:
D:1 2 transporters


Innate Abilities, Weirdness & Mutations

You have a pair of horns on your head.
You reflexively headbutt those who attack you in melee.
You are partially covered in iridescent scales. (AC +2)
You are agile. (Dex +4, Str/Int -1)
Your spells are a little easier to cast, but a little less powerful.


Message History

Trog accepts your kill.
The boulder beetle curls into a ball and begins rolling!
You are too berserk!
You feel a strong urge to attack something.
You are no longer berserk.
You are exhausted.
You feel yourself slow down.
You now have 15/74 hp.
You feel better.
You regained 6 hp, and now have 21/74 hp.
You feel better. The boulder beetle hits you.
* * * LOW HITPOINT WARNING * * *
The boulder beetle stops rolling and uncurls.
The boulder beetle bites you!
* * * LOW HITPOINT WARNING * * *
You take 9 damage, and have 12/74 hp.
Unknown command.
You feel better. The boulder beetle bites you.
* * * LOW HITPOINT WARNING * * *
You regained 8 hp, and now have 20/74 hp.
Okay, then.
It was a potion of mutation.
You feel extremely strange.
Your connection to magic feels subdued.
Iridescent scales grow over part of your body.
You feel agile. The boulder beetle barely misses you.
The boulder beetle bites you!
* * * LOW HITPOINT WARNING * * *
You take 13 damage, and have 7/74 hp.
You feel better.
The boulder beetle leaps!
You regained 10 hp, and now have 17/74 hp.
Okay, then.
You fail to use your ability.
The boulder beetle curls into a ball and begins rolling!
Okay, then.
You fail to use your ability.
Your skin crawls.
You feel strong-willed. The boulder beetle hits you!!!
Ouch! That really hurt!
You die...

.....
#.#.#..........
.....
#.#.###.####...
#...###.#.#...# ####
######...........###
##.....#......)..###
##.............†..#
#...............###
#...............#
#......°°°○B@...#
#.<.......∩.....#
#...............#
#......(........#
##.............##
##.....#.....##
############


You could see a boulder beetle (rolling).

Vanquished Creatures
  Sigmund (D:3)
  A water moccasin (D:7)
  3 black bears (D:6)
  An orc warrior (D:5)
  A centaur (D:5)
  5 bullfrogs
  A scorpion (D:4)
  A howler monkey (D:4)
  5 hounds
  A jelly (D:7)
  Crazy Yiuf (D:7)
  4 orc priests
  A sleepcap (D:5)
  An orc wizard (D:5)
  A hell rat (Sewer)
  2 mummies (Ossuary)
  3 adders
  A river rat (Sewer)
  A shadow imp (D:6)
  3 white imps
  3 worms
  2 dart slugs
  12 orcs
  5 endoplasms
  3 giant cockroaches
  7 hobgoblins
  3 jackals (D:4)
  6 quokkas
  10 ball pythons
  4 bats
  7 frilled lizards
  5 gnoll zombies (Ossuary)
  7 goblins
  2 goblin zombies (Ossuary)
  2 hobgoblin zombies (Ossuary)
  5 kobolds
  5 orc zombies (Ossuary)
  13 rats
139 creatures vanquished.

Notes
Turn   | Place    | Note
-------+----------+-------------------------------------------
     0 | D:1      | spardeous the Minotaur Berserker began the quest for the
                  | Orb.
     0 | D:1      | Reached XP level 1. HP: 19/19 MP: 0/0
   388 | D:1      | Reached XP level 2. HP: 27/27 MP: 1/1
  1044 | D:2      | Reached ** piety under Trog
  1103 | D:2      | Reached XP level 3. HP: 34/34 MP: 2/2
  1382 | D:3      | Identified the staff of conjuration "Wekoa" {rCorr Int-2
                  | Dex+9}
  1420 | D:3      | Found a faded altar of an unknown god.
  1517 | D:3      | Reached skill level 5 in Fighting
  1517 | D:3      | Reached skill level 5 in Axes
  1517 | D:3      | Reached XP level 4. HP: 34/42 MP: 3/3
  1770 | D:3      | Noticed Sigmund
  1789 | D:3      | Killed Sigmund
  1790 | D:3      | Reached XP level 5. HP: 41/50 MP: 4/4
  1902 | D:3      | Found a glowing silver altar of Zin.
  1902 | D:3      | Found a bloodstained altar of Trog.
  2264 | D:4      | Reached XP level 6. HP: 51/57 MP: 5/5
  2332 | D:4      | You fall into a shaft and drop 1 floor!
  2332 | D:5      | Entered Level 5 of the Dungeon
  2509 | D:4      | Reached *** piety under Trog
  2685 | D:4      | Found a sand-covered staircase.
  2694 | Ossuary  | Entered an ossuary
  3109 | D:4      | Found a hazy altar of Hepliaklqana.
  3600 | D:5      | Reached XP level 7. HP: 60/66 MP: 6/6
  4083 | D:5      | Found a staircase to the Ecumenical Temple.
  4395 | D:5      | Reached **** piety under Trog
  4703 | D:6      | Found a glowing drain.
  4707 | Sewer    | Entered a sewer
  4774 | Sewer    | Reached skill level 3 in Armour
  4942 | D:6      | Found a shadowy altar of Dithmenos.
  5041 | D:6      | Reached skill level 4 in Armour
  5053 | D:6      | Reached XP level 8. HP: 74/74 MP: 7/7
  5058 | D:6      | Reached skill level 5 in Armour
  5161 | D:6      | Reached skill level 6 in Armour
  5338 | D:6      | Reached skill level 7 in Armour
  5607 | D:7      | Noticed a +0 falchion
  5608 | D:7      | Noticed a +0 spear
  5609 | D:7      | Noticed a +0 spear
  5609 | D:7      | Noticed a +0 short sword
  5609 | D:7      | Noticed a +0 dagger
  5610 | D:7      | Noticed a +0 falchion
  5610 | D:7      | Noticed a +0 short sword
  5612 | D:7      | Noticed a +0 dagger
  5616 | D:7      | Found a hide-covered altar of Uskayaw.
  5656 | D:7      | Found a runed translucent door.
  5657 | D:7      | Noticed Crazy Yiuf
  5664 | D:7      | Killed Crazy Yiuf
  5738 | D:7      | Found Tivotapu's Magic Scroll Shop.
  5739 | D:7      | Noticed a boulder beetle
  5747 | D:7      | Reached skill level 8 in Armour
  5758 | D:7      | Reached skill level 9 in Armour
  5768 | D:7      | Gained mutation: Your spells are a little easier to cast,
                  | but a little less powerful. [potion of mutation]
  5768 | D:7      | Gained mutation: You are partially covered in iridescent
                  | scales. (AC +2) [potion of mutation]
  5768 | D:7      | Gained mutation: You are agile. (Dex +4, Str/Int -1)
                  | [potion of mutation]
  5772 | D:7      | Demolished by a boulder beetle

Illustrated notes

Levels and vault maps discovered:
D:1:      spicycebolla_arrival_transporter_tutorial, layout_basic
D:2:      layout_rooms
D:3:      layout_loops_ring, gammafunk_temple_overflow_elements,
          nicolae_ecumenical_oubliette, uniq_sigmund
D:4:      layout_gridville, marbit_many_paths, enter_ossuary_1
D:5:      layout_loops_ring, minmay_temple_entry_stoned_glass, serial_aquarium,
          aquarium_bridge_long_joined [aquarium_subvault_bridge,
          aquarium_subvault_balcony, aquarium_subvault_wall,
          aquarium_subvault_bridge, aquarium_subvault_window,
          aquarium_subvault_window], aquarium_bridge_square
          [aquarium_subvault_bridge, aquarium_subvault_bridge,
          aquarium_subvault_bridge, aquarium_subvault_window],
          aquarium_window_2, aquarium_window_2, aquarium_window_fake,
          aquarium_view_2e, aquarium_view_2c, aquarium_pool_1,
          minmay_strange_pillars, dk_noncrumbling_2
D:6:      layout_loops_ring, grunt_dithmenos_smoke, gup_sewer_entry_spiral
D:7:      layout_rooms, nicolae_uskayaw_en_pointe, serial_shops, shop,
          enter_bailey_5, uniq_joseph, uniq_pikel, uniq_crazy_yiuf_cottage

Skill      XL: |  1  2  3  4  5  6  7  8 |
---------------+-------------------------+-----
Fighting       | 4 5 6 7 8 |  8.1
Axes           | 4 5 6 7 8 |  8.2
Armour         | 4 9 |  9.0
Dodging        | |  2.1

Action                     |  1- 3 |  4- 6 |  7- 9 || total
---------------------------+-------+-------+-------++-------
  Melee: Hand axe          |    53 |       |       ||    53
         Headbutt          |    10 |    20 |    21 ||    51
         War axe           |    30 |   124 |   141 ||   295
         Punch             |       |       |     3 ||     3
 Invoke: Berserk           |     1 |       |     2 ||     3
         Trog's Hand       |       |       |     1 ||     1
  Evoke: Wand              |       |       |     2 ||     2
    Use: Potion            |       |       |     6 ||     6
 Armour: Animal skin       |     8 |       |       ||     8
         Chain mail        |    22 |    57 |    17 ||    96
         Crystal plate arm |       |       |    83 ||    83
  Dodge: Dodged            |    47 |    64 |    52 ||   163
